 Dungeon Sprint DCSS version 0.30-a0-996-ga6910c8ee8 (webtiles) character file.

Game seed: 17017947534358289050

16 DiggyJ the Trooper (level 2, 0/37 HPs)
             Began as a Demonspawn Berserker on Apr 4, 2023.
             Was a Priest of Trog.
             Slain by an ice beast (9 damage)
             ... in the Dungeon (Sprint IX: "|||||||||||||||||||||||||||||").
             The game lasted 00:00:15 (64 turns).

DiggyJ the Trooper (Demonspawn Berserker)             Turns: 64, Time: 00:00:16

Health: 0/37       AC:  2    Str: 17    XL:     2   Next: 41%
Magic:  2/2        EV: 12    Int:  8    God:    Trog [***...]
Gold:   0          SH:  0    Dex: 12    Spells: 1/1 levels left

rFire   . . .      SeeInvis .    a - +0 hand axe
rCold   . . .      Faith    .    (no shield)
rNeg    . . .      Spirit   .    b - +0 animal skin
rPois   .          Reflect  .    (helmet restricted)
rElec   .          Rampage  .    (no cloak)
rCorr   .          NoTele   +    (no gloves)
Will    .....                    (no boots) Stlth
                                 (no amulet)
HPRegen 0.26/turn                (no ring)
MPRegen 0.08/turn                (no ring)

@: berserking, very quick
A: antennae 1
a: Renounce Religion, Berserk, Trog's Hand


You were in the Dungeon.
You worshipped Trog.
Trog was most pleased with you.
You visited 1 branch

Inventory:

Hand Weapons
 a - a +0 hand axe (weapon)
Armour
 b - a +0 animal skin (worn)
Scrolls
 h - a scroll of blinking
Potions
 d - a potion of heal wounds
 e - a potion of haste
 f - 2 potions of magic
 g - a potion of berserk rage


   Skills:
 + Level 4.2 Fighting
 + Level 3.9 Axes
 + Level 2.2 Armour
 + Level 2.5 Dodging


You had one spell level left.
You didn't know any spells.
Your spell library was empty.

Dungeon Overview and Level Annotations

Branches:
Dungeon (1/1)

Altars:


Innate Abilities, Weirdness & Mutations

You have a pair of small antennae on your head.


Message History

The adder closely misses you. The adder completely misses you.
You miss the adder.
The adder is moderately wounded.
The adder bites you. The adder barely misses you.
You hit the adder but do no damage.
The adder is moderately wounded.
The adder barely misses you.
You hit the adder.
The adder is almost dead.
The adder barely misses you. The adder bites you.
You are poisoned.
The adder poisons you!
You miss the adder.
The adder is almost dead.
You feel sick. The adder bites you.
You feel better. The adder completely misses you.
You hit the adder.
You kill the adder!
Trog accepts your kill.
Your Fighting skill increases to level 4!
You have reached level 2!
You feel monstrous as your demonic heritage exerts itself.
Your demonic ancestry asserts itself...
A pair of antennae grows on your head!
A red film seems to cover your vision as you go berserk!
You feel yourself moving faster!
You feel mighty! The ice beast hits you. The ice beast freezes you!
* * * LOW HITPOINT WARNING * * *
You slash the ice beast!
The ice beast is moderately wounded.
The ice beast closely misses you.
You slash the ice beast!
The ice beast is severely wounded.
The ice beast hits you but does no damage.
You hit the ice beast.
The ice beast is almost dead.
The ice beast hits you.
* * * LOW HITPOINT WARNING * * *
The ice beast freezes you!
You die... ▓▓▓▓▓▓▓▓▓▓▓▓▓▓▓▓▓▓ ▓<...'††..@YJh...+ ▓▓▓▓▓▓▓▓▓▓▓▓▓▓▓▓▓▓

You could see an ice beast, a jelly and a jackal.

Vanquished Creatures
  An adder (D)
  An orc (D)
  2 ball pythons (D)
  A bat (D)
  A quokka (D)
  A rat (D)
7 creatures vanquished.

Notes
Turn   | Place    | Note
-------+----------+-------------------------------------------
     0 | D        | DiggyJ the Demonspawn Berserker began the quest for the
                  | Orb.
     0 | D        | Reached XP level 1. HP: 18/18 MP: 1/1
    15 | D        | Reached ** piety under Trog
    48 | D        | Noticed an ice beast
    48 | D        | Noticed a jelly
    60 | D        | Reached *** piety under Trog
    61 | D        | Reached skill level 4 in Fighting
    61 | D        | Discovered your monstrous ancestry.
    61 | D        | Gained mutation: You have a pair of small antennae on your
                  | head. [demonic ancestry]
    61 | D        | Reached XP level 2. HP: 15/25 MP: 2/2
    64 | D        | Slain by an ice beast

Illustrated notes

Levels and vault maps discovered:
D:        linesprint [early_d, line_temple, items_1, d_10, items_2, lair_1,
          lair_end, items_3, orc_1, orc_end, items_4, d_15, swamp_1, shoals_1,
          snake_1, spider_1, d_20, vaults_1, items_5, swamp_end, shoals_end,
          snake_end, spider_end, vaults_end, d_27, items_6, zot_1, zot_end,
          crypt_end, forest_end, elf_end, slime_end, tomb_end, abyss_end,
          pan_hell_end]

Skill      XL: |  1 |
---------------+----+-----
Axes           | 3 |  3.9
Dodging        | 2 |  2.5
Armour         | 2 |  2.2
Fighting       | 4 |  4.2

Action                     || total
---------------------------++-------
  Melee: Hand axe          ||    33
 Invoke: Berserk           ||     1
    Use: Potion            ||     1
 Armour: Animal skin       ||     4
  Dodge: Dodged            ||    33

Table legend: (Time is in decaauts)
 A = Elapsed time spent in this place.
 B = Non-inter-level travel time spent in this place.
 C = Inter-level travel time spent in this place.
 D = Time resting spent in this place.
 E = Time spent auto-exploring this place.
 F = Levels seen in this place.
 G = Mean time per level.
                   A        B        C        D        E       F      G
               +--------+--------+--------+--------+--------+-----+--------+
         Total |     68 |     68 |      0 |     19 |      0 |   1 |   68.0 |
       Dungeon |     68 |     68 |      0 |     19 |      0 |   1 |   68.0 |
               +--------+--------+--------+--------+--------+-----+--------+

Top non-repeatable levels by time:
       D: 68 daAuts
